 Dungeon Crawl Stone Soup version 0.24-a0-459-g225fefd530 (webtiles) character file.

Game seed: 10434707515979572825

103 Mrkan the Ruffian (level 4, -1/41 HPs)
             Began as a Troll Hunter on June 28, 2019.
             Slain by Natasha (3 damage)
             ... on level 3 of the Dungeon.
             The game lasted 00:04:31 (1263 turns).

Mrkan the Ruffian (Troll Hunter)                    Turns: 1263, Time: 00:04:32

Health: -1/41      AC:  7    Str: 20    XL:     4   Next: 51%
Magic:  3/3        EV: 10    Int:  8    God:
Gold:   189        SH:  0    Dex: 10    Spells: 3/3 levels left

rFire    . . .     SeeInvis .   a - +0 short sword
rCold    . . .     Gourm    +   (no shield)
rNeg     . . .     Faith    .   b - +0 robe
rPois    .         Spirit   .   (helmet restricted)
rElec    .         Reflect  .   o - +0 cloak
rCorr    .         Harm     .   (gloves unavailable)
MR       .....                  (boots unavailable)
Stlth    +.........             (no amulet)
HPRegen  0.53/turn              (no ring)
MPRegen  0.08/turn              (no ring)

@: no status effects
A: large, unfitting armour, claws 3, fast metabolism 3, gourmand, regeneration
1, shaggy fur 1, tough skin 3
a: no special abilities


You were on level 3 of the Dungeon.
You were not hungry.

You visited 1 branch of the dungeon, and saw 3 of its levels.

You collected 189 gold pieces.

Inventory:

Hand Weapons
 a - a +0 short sword (weapon)
Missiles
 c - 5 large rocks (quivered)
 d - 2 throwing nets
Armour
 b - a +0 robe (worn)
 o - a +0 cloak (worn)
Jewellery
 n - an uncursed amulet of magic regeneration {unknown}
Scrolls
 e - 4 scrolls of identify {unknown}
 g - 2 scrolls of blinking {unknown}
 j - a scroll of amnesia {unknown}
 k - a scroll of fear {unknown}
 l - a scroll of random uselessness {unknown}
 m - 2 scrolls of remove curse {unknown}
Potions
 h - a potion of heal wounds {unknown}
 i - a potion of curing {unknown}
 p - a potion of berserk rage {unknown}
Comestibles
 f - 5 rations


   Skills:
 - Level 1.5 Fighting
 - Level 3.6 Throwing
 - Level 1.5 Dodging
 - Level 0.3 Stealth
 * Level 4.2 Unarmed Combat


You had 3 spell levels left.
You didn't know any spells.
Your spell library was empty.

Dungeon Overview and Level Annotations

Branches:
Dungeon (3/15)

Altars:
Gozag

Annotations:
D:3 Natasha


Innate Abilities, Weirdness & Mutations

You are too large for most types of armour.
You have claws for hands.
Your metabolism is lightning-fast.
You like to eat raw meat.
Your natural rate of healing is unusually fast.
You are covered in fur. (AC +1)
You have extremely tough skin. (AC +3)


Message History

The giant cockroach closely misses you.
The giant cockroach bites you but does no damage.
Natasha closely misses you.
You hit Natasha.
Natasha is severely wounded.
The giant cockroach barely misses you. Natasha claws you.
The giant cockroach misses you.
Unknown command.
You hit Natasha.
Natasha is almost dead.
Natasha claws you!
* * * LOW HITPOINT WARNING * * *
The giant cockroach bites you but does no damage.
Natasha claws you!
* * * LOW HITPOINT WARNING * * *
You closely miss Natasha.
Natasha is almost dead.
The giant cockroach bites you but does no damage.
Natasha claws you.
You die...

.....#..###.# ###(#
.....#(.....# #..((
...........# #...##
b.........##########....
#......##?.........####
#............#########.
#.........#### #....
#.%..s..#### ##.###
#....h@....# ##..##.
#.......##.######..###.
......##.##........##...
......|.#.....#.#####..##
........#######..##...###
..<.... ##....### # ....
##..## # .... #### #


You could see Natasha and a giant cockroach.

Vanquished Creatures
  Terence (D:2)
  3 adders
  An ooze (D:2)
  A dart slug (D:2)
  3 leopard geckos (D:2)
  A giant cockroach (D:2)
  6 goblins
  6 hobgoblins
  6 kobolds
  5 bats
  5 frilled lizards
  4 rats
42 creatures vanquished.

Notes
Turn   | Place    | Note
-------+----------+-------------------------------------------
     0 | D:1      | Mrkan the Troll Hunter began the quest for the Orb.
     0 | D:1      | Reached XP level 1. HP: 19/19 MP: 0/0
   112 | D:1      | Reached skill level 1 in Unarmed Combat
   200 | D:1      | Reached XP level 2. HP: 14/27 MP: 1/1
   362 | D:1      | Reached skill level 2 in Unarmed Combat
   494 | D:2      | Found an opulent altar of Gozag.
   595 | D:2      | Reached XP level 3. HP: 33/33 MP: 2/2
   707 | D:2      | Reached skill level 3 in Unarmed Combat
   756 | D:2      | Noticed Terence
   820 | D:2      | Killed Terence
   820 | D:2      | Reached XP level 4. HP: 9/41 MP: 3/3
   979 | D:2      | Reached skill level 4 in Unarmed Combat
  1245 | D:3      | Noticed Natasha
  1262 | D:3      | HP: 1/41 [Natasha (7)]
  1263 | D:3      | Slain by Natasha

Levels and vault maps discovered:
D:1:      minmay_arrival_three_doors, layout_basic
D:2:      layout_rooms, old_standard_altar, uniq_terence
D:3:      layout_rooms, first_ration, solitary_fountain, uniq_natasha

Skill      XL: |  1  2  3  4 |
---------------+-------------+-----
Unarmed Combat | 1 2 3 4 |  4.2
Fighting       | |  1.5
Throwing       | |  3.6
Dodging        | |  1.5
Stealth        | |  0.3

Action                   |  1- 3 |  4- 6 || total
-------------------------+-------+-------++-------
Melee: Short sword       |   154 |    62 ||   216
       Punch             |     3 |       ||     3
 Stab: Sleeping          |     1 |       ||     1
  Eat: Chunk             |     9 |     3 ||    12
Armor: Robe              |    63 |    46 ||   109
Dodge: Dodged            |    90 |    45 ||   135

Table legend:
 A = Non-vault XP
 B = Vault XP
 C = Vault XP percentage of total XP
 D = Non-vault monster count
 E = Vault monster count
 F = Vault count percentage of total count
                 A         B        C        D         E       F
            +---------+---------+-------+---------+---------+-------
      Total |     112 |      36 |  24.3 |      41 |       1 |   2.4
            +---------+---------+-------+---------+---------+-------
        D:1 |      19 |       0 |   0.0 |      13 |       0 |   0.0
        D:2 |      72 |      36 |  33.3 |      23 |       1 |   4.2
        D:3 |      21 |       0 |   0.0 |       5 |       0 |   0.0
            +---------+---------+-------+---------+---------+-------
